 Dungeon Crawl Stone Soup version 0.17.0-26-gececa24 (webtiles) character file.

387 homeworkjunkie the Covert (level 6, -1/30 HPs)
             Began as a Spriggan Assassin on Nov 19, 2015.
             Slain by an iguana (10 damage)
             ... on level 4 of the Dungeon.
             The game lasted 00:08:25 (3850 turns).

homeworkjunkie the Covert (Spriggan Assassin)       Turns: 3850, Time: 00:08:25

Health: -1/30      AC:  3    Str:  7    XL:     6   Next: 49%
Magic:  7/7        EV: 21    Int: 13    God:
Gold:   129        SH:  0    Dex: 19    Spells: 0 memorised, 5 levels left

rFire  . . .     SeeInvis +     a - +2 dagger
rCold  . . .     Clarity  .     c - +0 robe
rNeg   . . .     SustAt   .     (shield restricted)
rPois  .         Gourm    .     (helmet restricted)
rElec  .         Spirit   .     d - +0 cloak
rCorr  .         Warding  .     (gloves unavailable)
rMut   .         Stasis   +     (boots unavailable)
MR     +....                    p - amulet of stasis
Stlth  +++++.....               (no ring)
                                (no ring)

@: very quick, somewhat resistant to hostile enchantments, quite stealthy
A: unfitting armour, see invisible, herbivore 3, speed 3, slow metabolism 2
a: no special abilities


You were on level 4 of the Dungeon.
You were full.

You visited 1 branch of the dungeon, and saw 4 of its levels.

You collected 129 gold pieces.

Inventory:

Hand Weapons
 a - a +2 dagger (weapon)
 b - a +0 blowgun
 m - a cursed -1 hunting sling
Missiles
 e - 9 poisoned needles
 f - 2 curare-tipped needles
Armour
 c - a +0 robe (worn)
 d - a +0 cloak (worn)
Jewellery
 p - an amulet of stasis (around neck)
Wands
 h - a wand of frost (9)
 o - a wand of fireball (4)
Scrolls
 l - 4 scrolls of remove curse
Potions
 i - a potion of brilliance
 j - a potion of haste {unknown}
 k - a potion of curing
 n - a potion of agility {unknown}
 q - a potion of poison {unknown}
Comestibles
 g - 2 bread rations


   Skills:
 * Level 2.2 Fighting
 * Level 3.5 Short Blades
 * Level 3.1 Throwing
 * Level 4.9 Dodging
 * Level 8.4 Stealth
 * Level 1.1 Evocations


You had 5 spell levels left.
You didn't know any spells.

Dungeon Overview and Level Annotations

Branches:
Dungeon (4/15)
 Temple: D:4-7

Altars:
Fedhas
Gozag
Ru
Sif Muna

Shops:
D:4 *

Annotations:
D:4 Uberwunderbarhen's ghost, amateur DEFE


Innate Abilities, Weirdness & Mutations

You are tiny and cannot use many weapons and most armour.
You have supernaturally acute eyesight.
You are a herbivore.
You cover ground extremely quickly.
You need consume almost no food.


Message History

The iguana barely misses you.
You hit the iguana.
The iguana is moderately wounded.
The iguana completely misses you.
You hit the iguana but do no damage.
The iguana is moderately wounded.
The orc completely misses you.
The iguana bites you but does no damage.
You hit the iguana.
The iguana is heavily wounded.
The orc misses you.
You hit the iguana.
The iguana is almost dead.
The iguana bites you!
* * * LOW HITPOINT WARNING * * *
The orc completely misses you.
You hit the iguana but do no damage.
The iguana is almost dead.
The iguana bites you!
You die...

#...# #.... .
###..$### ..
....... ..
#....## .#
#.....# ..#
###.....##...#
+...<.@l([(..#
###....o##...#
#...#..# .....
###.##.# .###
#.# ... # #.#
#..# #.# ..#
#.# ..#


You could see an iguana and an orc.

Vanquished Creatures
  3 orc priests
  An orc wizard (D:3)
  Natasha (thrice) (D:2)
  4 gnolls (D:2)
  9 adders
  4 oozes
  5 worms
  2 giant geckos
  5 orcs
  4 giant cockroaches
  6 hobgoblins
  4 jackals (D:1)
  2 quokkas
  7 bats
  5 giant newts
  10 goblins
  11 kobolds
  3 rats
88 creatures vanquished.

Notes
Turn   | Place    | Note
--------------------------------------------------------------
     0 | D:1      | homeworkjunkie the Spriggan Assassin began the quest for the Orb.
     0 | D:1      | Reached XP level 1. HP: 10/10 MP: 2/2
   353 | D:1      | Reached skill level 6 in Stealth
   472 | D:1      | Reached XP level 2. HP: 4/15 MP: 3/3
   906 | D:1      | Reached XP level 3. HP: 13/18 MP: 4/4
   990 | D:1      | Reached skill level 7 in Stealth
  1759 | D:2      | Reached XP level 4. HP: 23/23 MP: 5/5
  1819 | D:3      | Found a blossoming altar of Fedhas.
  1877 | D:2      | Noticed Natasha
  1880 | D:2      | Killed Natasha
  1968 | D:2      | Reached XP level 5. HP: 26/26 MP: 6/6
  2300 | D:2      | Found a faded altar to an unknown god.
  2364 | D:2      | Noticed Natasha
  2383 | D:2      | Killed Natasha
  2581 | D:2      | Noticed Natasha
  2583 | D:2      | Killed Natasha
  2640 | D:2      | Found a deep blue altar of Sif Muna.
  2818 | D:4      | Found an opulent altar of Gozag.
  2818 | D:4      | Found Gozag's Platinum Reserve.
  2819 | D:4      | Noticed Uberwunderbarhen's ghost (amateur DEFE)
  2845 | D:4      | Reached skill level 8 in Stealth
  2945 | D:3      | Reached skill level 1 in Evocations
  2951 | D:3      | Found a sacrificial altar of Ru.
  3084 | D:3      | Reached XP level 6. HP: 30/30 MP: 7/7
  3850 | D:4      | Slain by an iguana

Action                   |  1- 3 |  4- 6 || total
-------------------------+-------+-------++-------
Melee: Dagger            |    82 |   135 ||   217
 Fire: Blowgun           |    26 |    32 ||    58
Evoke: Wand              |       |     5 ||     5
  Use: Scroll            |     2 |     6 ||     8
       Potion            |       |     4 ||     4
 Stab: Sleeping          |     5 |    14 ||    19
       Distracted        |     1 |       ||     1
       Invisible         |       |     1 ||     1
  Eat: Bread ration      |       |     1 ||     1
